 Dungeon Crawl Stone Soup version 0.29.0-13-gc9e81de378 (webtiles) character file.

Game seed: 5273739841610709753

3 Pooter the Insei (level 1, 0/17 HPs)
             Began as a Gnoll Transmuter on Sept 8, 2022.
             Succumbed to a kobold's poison
             ... on level 1 of the Dungeon.
             The game lasted 00:01:52 (191 turns).

Pooter the Insei (Gnoll Transmuter)                  Turns: 191, Time: 00:01:53

Health: 0/17       AC:  2    Str:  9    XL:     1   Next: 50%
Magic:  5/6        EV: 13    Int: 12    God:
Gold:   26         SH:  0    Dex: 12    Spells: 8/9 levels left

rFire   . . .      SeeInvis .   e - +0 dagger
rCold   . . .      Faith    .   (no shield)
rNeg    . . .      Spirit   .   a - +0 robe
rPois   .          Reflect  .   (helmet currently unavailable)
rElec   .          Harm     .   (no cloak)
rCorr   .          Rampage  .   (no gloves)
Will    .....                   (boots currently unavailable)
Stlth   +.........              (no amulet)
HPRegen 0.05/turn               (no ring)
MPRegen 0.10/turn               (no ring)

@: lethally poisoned (0 -> -14), appendages
A: horns 2, talons 2, fangs 1, strong nose, distributed training
a: End Transformation


You were on level 1 of the Dungeon.
You had temporarily grown beastly horns and talons.
You visited 1 branch of the dungeon, and saw 1 of its levels.

You collected 26 gold pieces.

Inventory:

Hand Weapons
 e - a +0 dagger (weapon)
   (You took it off a goblin on level 1 of the Dungeon)
Missiles
 Q - 9 stones
Armour
 a - a +0 robe (worn)
Scrolls
 c - a scroll of silence {unknown}
Potions
 b - a potion of lignification {!q}
 d - a potion of brilliance {unknown}


   Skills:
 + Level 2.3 Fighting
 + Level 0.0 Short Blades
 + Level 0.0 Long Blades
 + Level 0.0 Axes
 + Level 0.0 Maces & Flails
 + Level 0.0 Polearms
 + Level 0.0 Staves
 + Level 0.0 Ranged Weapons
 + Level 0.0 Throwing
 + Level 0.0 Armour
 + Level 4.4 Dodging
 + Level 0.0 Stealth
 + Level 0.0 Shields
 + Level 6.4 Unarmed Combat
 + Level 4.8 Spellcasting
 + Level 0.0 Conjurations
 + Level 0.0 Hexes
 + Level 0.0 Summonings
 + Level 0.0 Necromancy
 + Level 0.0 Translocations
 + Level 3.6 Transmutations
 + Level 0.0 Fire Magic
 + Level 0.0 Ice Magic
 + Level 0.0 Air Magic
 + Level 0.0 Earth Magic
 + Level 0.0 Poison Magic
 + Level 0.1 Invocations
 + Level 0.0 Evocations


You had 8 spell levels left.
You knew the following spells:

 Your Spells              Type           Power      Damage    Failure   Level
a - Beastly Appendage     Tmut           22%        N/A       4%          1

Your spell library contained the following spells:

 Spells                   Type           Power      Damage    Failure   Level
 Wereblood                Tmut           11%        N/A       7%          2
 Spider Form              Tmut/Pois      7%         N/A       28%         3
 Ice Form                 Ice/Tmut       7%         N/A       67%         4


Dungeon Overview and Level Annotations

Branches:
Dungeon (1/15)

Altars:


Innate Abilities, Weirdness & Mutations

You have temporarily grown beastly horns and talons.
You have very sharp teeth.
Your uncanny sense of smell can sniff out nearby items.
Your experience applies equally to all skills.


Message History

Your transformation is almost over.
Your horns disappear.
Your talons disappear.
You see here a rat corpse.
Found 3 gold pieces.
You now have 26 gold pieces (gained 3).
A ball python comes into view.
The ball python hisses angrily.
You grow a pair of large bovine horns.
Your feet morph into talons.
The ball python barely misses you. The ball python grabs you.
The ball python constricts you.
You closely miss the ball python. You claw the ball python.
Your bite misses the ball python.
The ball python bites you but does no damage.
The ball python constricts you.
You hit the ball python. Your headbutt misses the ball python.
The ball python bites you but does no damage.
The ball python constricts you.
You hit the ball python.
You kill the ball python!
Your transformation is almost over.
Your horns disappear.
Your talons disappear.
Found a stone staircase leading down.
You see here a ball python corpse.
A kobold comes into view.
It is wielding a +2 short sword of venom.
The kobold shouts!
You grow a pair of large bovine horns.
Your feet morph into talons.
The kobold closely misses you.
You closely miss the kobold. Your kick misses the kobold.
The kobold hits you with a +2 short sword of venom.
You are poisoned.
You hit the kobold.
You feel very sick. The kobold hits you but does no damage.
You hit the kobold but do no damage. Your kick misses the kobold.
You feel sick.
The kobold hits you with a +2 short sword of venom.
* * * LOW HITPOINT WARNING * * *
You are lethally poisoned!
You are too injured to fight recklessly!
You are too injured to fight recklessly!
You are too injured to fight recklessly!
You hit the kobold but do no damage. Your kick misses the kobold.
Your punch misses the kobold.
* * * LOW HITPOINT WARNING * * *
You feel very sick.
The kobold hits you with a +2 short sword of venom.
* * * LOW HITPOINT WARNING * * *
You hit the kobold.
You kill the kobold!
You die...

.. #.. #.. .. #.# .>.
#.######..# .
#.#........
#...####.#........
#...)@.#...........#
######.#...........#
#..................#
#.####.#†..........###
.####.#.............
......#...........#
##.............#
......#...........#
#.###.####.##.....#


There were no monsters in sight!

Vanquished Creatures
  A quokka (D:1)
  A ball python (D:1)
  A goblin (D:1)
  A kobold (D:1)
  A rat (D:1)
5 creatures vanquished.

Notes
Turn   | Place    | Note
-------+----------+-------------------------------------------
     0 | D:1      | Pooter the Gnoll Transmuter began the quest for the Orb.
     0 | D:1      | Reached XP level 1. HP: 17/17 MP: 6/6
   191 | D:1      | Succumbed to a kobold's poison

Illustrated notes

Levels and vault maps discovered:
D:1:      lightli_arrival_quake, layout_basic,
          shapermc_ecumenical_altar_mp_vishouse

Action                   || total
-------------------------++-------
Melee: Dagger            ||    10
       Unarmed           ||     4
       Kick              ||     2
 Cast: Beastly Appendage ||     5
Armor: Robe              ||     4
Dodge: Dodged            ||     6
